 Dungeon Crawl Stone Soup version 0.20-a0-1040-gfd09691 (console) character file.

83212 skyler the Shatterer (level 15, -12/134 HPs)
             Began as a Minotaur Monk on Apr 23, 2017.
             Was a High Priest of Okawaru.
             Mangled by a merfolk
             ... wielding a +0 spear
              (14 damage)
             ... on level 3 of the Shoals.
             The game lasted 01:24:41 (20886 turns).

skyler the Shatterer (Minotaur Monk)               Turns: 20886, Time: 01:24:42

Health: -12/134    AC: 19    Str: 27    XL:     15   Next: 31%
Magic:  0/16       EV: 10    Int:  9    God:    Okawaru [*****.]
Gold:   925        SH:  0    Dex: 17    Spells: 14/14 levels left

rFire    + . .     SeeInvis +   W - +10 morningstar {flame, rN+ MR+}
rCold    + + .     Gourm    .   (no shield)
rNeg     + + .     Faith    .   x - +7 acid dragon scales of New Discoveries {rElec rCorr}
rPois    +         Spirit   +   (helmet unavailable)
rElec    +         Reflect  .   T - scarf of Icob Ymu {rC+ Str+2}
rCorr    +         Harm     .   X - +0 pair of gloves {Dex+3}
MR       +++..                  t - +1 pair of boots
Stlth    ++........             M - amulet of guardian spirit
Regen    0.4/turn               S - ring of Jucvol {rF+ rN+ Str+5 SInv}
MPRegen  0.2/turn               f - ring of Hyzeutouzi {rPois rC+ MR+ Int+5}

@: confused, held
A: retaliatory headbutt, horns 3, yellow scales 1, camouflage 1, deformed body,
dopey 2, low mp 1
a: Heroism, Finesse, Renounce Religion


You were on level 3 of the Shoals.
You worshipped Okawaru.
Okawaru was extremely pleased with you.
You were not hungry.

You visited 4 branches of the dungeon, and saw 22 of its levels.
You visited 1 bazaar.

You collected 2313 gold pieces.
You spent 1388 gold pieces at shops.

Inventory:

Hand Weapons
 D - a +4 great mace of holy wrath
 W - the +10 morningstar of the Doomed Warrior (weapon) {flame, rN+ MR+}
   (You found it on level 6 of the Lair of Beasts)

   It has been specially enchanted to burn those struck by it, causing extra
   injury to most foes and up to half again as much damage against particularly
   susceptible opponents.
   It protects you from negative energy.
   It affects your resistance to hostile enchantments.
Armour
 e - the +1 ring mail "Jeavet" {Int+4, unknown}
   (Okawaru gifted it to you on level 2 of the Orcish Mines)

   It affects your intelligence (+4).
 t - a +1 pair of boots (worn)
 x - the +7 acid dragon scales of New Discoveries (worn) {rElec rCorr}
   (Okawaru gifted it to you on level 5 of the Lair of Beasts)

   It insulates you from electricity.
   It protects you from acid and corrosion.
 T - the scarf of Icob Ymu (worn) {rC+ Str+2}
   (Okawaru gifted it to you on level 6 of the Lair of Beasts)

   It affects your strength (+2).
   It protects you from cold.
 U - a +4 shield
 X - a +0 pair of gloves of dexterity (worn)
Jewellery
 f - the ring of Hyzeutouzi (right hand) {rPois rC+ MR+ Int+5}
   (You bought it in a shop in a bazaar)

   [ring of protection from magic]

   It affects your intelligence (+5).
   It protects you from cold.
   It protects you from poison.
   It affects your resistance to hostile enchantments.
 I - an uncursed amulet of the gourmand
 M - an amulet of guardian spirit (around neck)
 S - the ring of Jucvol (left hand) {rF+ rN+ Str+5 SInv}
   (You bought it in a shop on level 6 of the Dungeon)

   [ring of see invisible]

   It affects your strength (+5).
   It protects you from fire.
   It protects you from negative energy.
   It lets you see invisible.
Wands
 d - a wand of lightning (0/15)
 i - a wand of digging (8/24)
 s - a wand of acid (6/15)
 G - a wand of paralysis (2/24)
 L - a wand of iceblast (0/15)
 P - a wand of polymorph (8/24)
 Y - a wand of scattershot (0/9)
Scrolls
 k - 5 scrolls of recharging
 l - 9 scrolls of remove curse
 m - a scroll of fog
 n - 9 scrolls of teleportation
 o - 4 scrolls of identify
 r - 2 scrolls of blinking
 y - 4 scrolls of amnesia
 E - 2 scrolls of immolation
 H - a scroll of fear
 N - a scroll of magic mapping
 V - a scroll of holy word
Potions
 c - 2 potions of cancellation
 g - a potion of might {unknown}
 j - 6 potions of magic
 p - a potion of ambrosia
 q - 2 potions of agility {unknown}
 w - 9 potions of curing
 z - 6 potions of haste
 A - 3 potions of brilliance
 B - 7 potions of flight
 C - 4 potions of lignification
 F - 3 potions of mutation
 J - a potion of berserk rage {unknown}
 K - 2 potions of invisibility {unknown}
 O - a potion of resistance {unknown}
 Q - 2 potions of heal wounds
Comestibles
 a - 5 royal jellies
 b - 20 bread rations
 h - 11 fruits
 u - 7 meat rations


   Skills:
 + Level 12.5 Fighting
 + Level 22.5 Maces & Flails
 + Level 11.8 Armour
 + Level 11.7 Dodging
 - Level 3.2 Stealth
 + Level 10.4 Shields
 + Level 6.4 Invocations


You had 14 spell levels left.
You didn't know any spells.

Dungeon Overview and Level Annotations

Branches:
Dungeon (11/15)            Temple (0/1) D:7            Lair (6/6) D:9
 Shoals (3/4) Lair:3       Spider (0/4) Lair:3        Slime (0/5) Lair:5
    Orc (2/2) D:10            Elf (0/3) Orc:2

Altars:
Dithmenos
Elyvilon
Fedhas
Gozag
Kikubaaqudgha
Okawaru
Qazlal
Ru
Vehumet
Wu Jian
Xom
Yredelemnul
Beogh
Jiyva

Shops:
D:6 =   Orc:1 !   Orc:2 (:%?

Portals:
Pandemonium: Orc:2

Annotations:
Lair:2 exclusion: 2 oklob plants
Lair:5 1 runed door


Innate Abilities, Weirdness & Mutations

You reflexively headbutt those who attack you in melee.
You have a pair of large horns on your head.
You are partially covered in yellow scales. (AC +2)
Your skin changes colour to match your surroundings (Stealth+).
Armour fits poorly on your strangely shaped body.
You are very dopey. (Int -4)
Your magical capacity is low. (-10% MP)


Message History

The large rock misses the merfolk.
The cyclops hits you!!
The merfolk impaler hits you with a vampiric trident!!
* * * LOW HITPOINT WARNING * * *
The merfolk impaler draws strength from your wounds!
The merfolk completely misses you.
You are confused.
You feel invigorated. The merfolk hits you with a trident!
* * * LOW HITPOINT WARNING * * *
The merfolk hits you with a spear!
* * * LOW HITPOINT WARNING * * *
The merfolk impaler hits you with a vampiric trident!
* * * LOW HITPOINT WARNING * * *
You struggle against the net.
The merfolk shouts!
The merfolk hits you with a trident!
* * * LOW HITPOINT WARNING * * *
The merfolk impaler barely misses you. The cyclops hits you!
* * * LOW HITPOINT WARNING * * *
The merfolk hits you with a spear!
You die...

≈≈≈≈≈≈........P
≈≈≈≈≈≈....$.#P#
≈≈≈≈≈≈.......#
≈≈≈≈.......C.#.
≈≈≈≈...........
.≈≈..m..C....#
#......m...C.#
##.....(C...P#.
......m@m......
.....(Cmm...≈≈P
....(.(.C..≈≈≈≈
..((C(.(...≈≈≈≈
..≈..m....≈≈≈≈≈
...).....≈≈≈≈≈≈
.........≈≈≈≈≈.
..≈.....≈≈≈≈≈≈≈


You could see a stone giant, a merfolk impaler, 5 merfolk, 6 cyclopes and a
merfolk siren.

Vanquished Creatures
  Gastronok (D:8)
  Donald (Orc:1)
  Nessos (Lair:6)
  The ghost of grandjackal the Fighter, a journeyman DsGl of Dithmenos (Orc:2)
  The ghost of brahma the Devastator, a journeyman DECj of Vehumet (Orc:2)
  2 hydras (Lair:6)
  The ghost of CodeRen the Cleaver, a journeyman HOFi of Beogh (D:10)
  A merfolk avatar (Shoals:1)
  A catoblepas (Lair:6)
  3 two-headed ogres
  A death yak (Lair:6)
  A satyr (Shoals:3)
  The ghost of kapak the Cudgeler, a novice TrFi (D:6)
  7 orc high priests (Orc:2)
  A soul eater (Orc:2)
  A torturous demonspawn (Orc:2)
  2 sea snakes
  An infernal demonspawn (Orc:2)
  2 gelid demonspawn (Orc:2)
  12 harpies
  A necromancer (Lair:3)
  4 orc knights (Orc:2)
  5 orc sorcerers (Orc:2)
  5 fauns
  A manticore (Shoals:1)
  2 cyclopes
  3 oklob plants (Lair:3)
  3 merfolk sirens
  2 water nymphs (Shoals:2)
  6 black mambas
  A rust devil (Orc:2)
  26 spiny frogs
  6 rime drakes
  An ice devil (Orc:2)
  2 komodo dragons
  8 merfolk
  2 wind drakes (Shoals:1)
  4 tyrant leeches (Lair:6)
  2 polar bears (Lair:5)
  5 trolls
  11 dream sheep
  28 blink frogs
  A snapping turtle (Shoals:2)
  10 hippogriffs
  2 water elementals
  Sigmund (D:4)
  55 yaks
  2 hungry ghosts
  A neqoxec (Orc:2)
  2 basilisks
  6 vampire mosquitoes
  A warg (D:10)
  12 water moccasins
  13 porcupines
  33 orc warriors
  2 ice beasts
  4 phantoms
  3 black bears (D:9)
  A sky beast (D:9)
  9 centaurs
  10 ogres
  11 crocodiles
  A big kobold (D:10)
  24 bullfrogs
  A wyvern zombie (D:9)
  4 scorpions
  An electric eel (Lair:6)
  2 centaur zombies
  A crimson imp (D:10)
  A bullfrog zombie (D:6)
  3 jellies
  A gnoll shaman (Orc:1)
  26 orc priests
  5 hounds
  17 orc wizards
  3 iguanas
  2 yak simulacra (Lair:3)
  Natasha (twice) (D:2)
  5 polar bear simulacra (Lair:3)
  A statue (D:4)
  6 worker ants
  A wolf simulacrum (Lair:3)
  3 hound skeletons
  A worker ant zombie (D:6)
  Robin (D:4)
  11 gnolls
  8 adders
  3 shadow imps
  An ooze (D:5)
  3 worms
  2 dart slugs (D:1)
  7 leopard geckos
  86 orcs
  7 bats
  6 giant cockroaches
  21 goblins
  9 hobgoblins
  16 jackals
  4 quokkas
  3 ball pythons
  3 frilled lizards
  A giant cockroach zombie (D:6)
  10 kobolds
  A leopard gecko skeleton (D:3)
  10 rats
  3 river rat simulacra (Lair:3)
  A fungus (D:9)
  A plant (Lair:6)
678 creatures vanquished.

Vanquished Creatures (others)
  A cyclops (Shoals:3)
  3 ball lightnings (Orc:2)
  A bush (Lair:3)
  12 fungi
  58 plants
75 creatures vanquished.

Grand Total: 753 creatures vanquished

Notes
Turn   | Place    | Note
-------+----------+-------------------------------------------
     0 | D:1      | skyler the Minotaur Monk began the quest for the Orb.
     0 | D:1      | Reached XP level 1. HP: 22/22 MP: 0/0
   302 | D:1      | Reached skill level 5 in Fighting
   303 | D:1      | Reached XP level 2. HP: 17/29 MP: 1/1
   376 | D:1      | Reached skill level 1 in Armour
  1002 | D:2      | Reached XP level 3. HP: 36/36 MP: 2/2
  1099 | D:2      | HP: 1/36 [gnoll/spear (4)]
  1108 | D:2      | Reached skill level 5 in Dodging
  1116 | D:2      | Noticed Natasha
  1137 | D:2      | Killed Natasha
  1137 | D:2      | Reached skill level 1 in Maces & Flails
  1137 | D:2      | Reached XP level 4. HP: 23/42 MP: 3/3
  1249 | D:2      | Reached skill level 2 in Maces & Flails
  1338 | D:2      | Noticed Natasha
  1614 | D:2      | Reached skill level 3 in Maces & Flails
  1685 | D:2      | Found an iron altar of Okawaru.
  1741 | D:2      | Became a worshipper of Warmaster Okawaru
  1741 | D:2      | Reached * piety under Okawaru
  1741 | D:2      | Reached ** piety under Okawaru
  1815 | D:2      | Killed Natasha
  1815 | D:2      | Reached XP level 5. HP: 38/49 MP: 4/4
  2467 | D:3      | Found a stormy altar of Qazlal.
  2566 | D:4      | Found an ancient bone altar of Kikubaaqudgha.
  2574 | D:4      | Found a shadowy altar of Dithmenos.
  2644 | D:4      | Noticed a phantom
  2680 | D:4      | Noticed Sigmund
  2685 | D:4      | Killed a phantom
  2685 | D:4      | Reached skill level 4 in Maces & Flails
  2685 | D:4      | Reached XP level 6. HP: 41/56 MP: 5/5
  2691 | D:4      | Killed Sigmund
  2691 | D:4      | Reached skill level 5 in Maces & Flails
  3036 | D:4      | Reached skill level 6 in Maces & Flails
  3060 | D:4      | Noticed Robin
  3073 | D:4      | Killed Robin
  3073 | D:4      | Reached *** piety under Okawaru
  3074 | D:4      | Reached XP level 7. HP: 38/61 MP: 6/6
  3136 | D:4      | Found a radiant altar of Vehumet.
  3549 | D:5      | Entered Level 5 of the Dungeon
  3677 | D:5      | Found a blossoming altar of Fedhas.
  3720 | D:5      | Found a basalt altar of Yredelemnul.
  3820 | D:5      | Found a shimmering altar of Xom.
  3820 | D:5      | Found a shimmering altar of Xom.
  3843 | D:5      | Found a shimmering altar of Xom.
  3843 | D:5      | Found a shimmering altar of Xom.
  3848 | D:5      | Reached skill level 7 in Maces & Flails
  3855 | D:5      | Reached skill level 5 in Armour
  3864 | D:5      | Found a shimmering altar of Xom.
  4039 | D:5      | Found a shimmering altar of Xom.
  4179 | D:5      | Reached XP level 8. HP: 68/71 MP: 7/7
  4425 | D:6      | Noticed kapak's ghost (novice TrFi)
  4426 | D:6      | Found Puulivvi's Jewellery Boutique.
  4437 | D:6      | Killed kapak's ghost
  4437 | D:6      | Reached **** piety under Okawaru
  4437 | D:6      | Reached skill level 8 in Maces & Flails
  4497 | D:6      | Reached skill level 9 in Maces & Flails
  4510 | D:6      | Noticed a hippogriff
  4536 | D:6      | Killed a hippogriff
  4536 | D:6      | Reached XP level 9. HP: 32/79 MP: 9/9
  4828 | D:6      | Found a sacrificial altar of Ru.
  5064 | D:7      | Got a pair of distressingly furry gloves
  5070 | D:7      | Identified the +1 pair of gloves "Asotyhu" {Str+10 Int+3 Slay-4} (You found it on level 7 of the Dungeon)
  5210 | D:7      | Found an ornate altar of the Wu Jian Council.
  5233 | D:7      | Found a staircase to the Ecumenical Temple.
  6053 | D:8      | Noticed Gastronok
  6059 | D:8      | Reached ***** piety under Okawaru
  6085 | D:8      | Killed Gastronok
  6085 | D:8      | Reached skill level 11 in Maces & Flails
  6085 | D:8      | Reached XP level 10. HP: 50/90 MP: 10/11
  6586 | D:9      | Found a staircase to the Lair.
  6592 | D:9      | Found a white marble altar of Elyvilon.
  6631 | D:9      | Received a gift from Okawaru
  6827 | D:9      | Noticed a two-headed ogre
  6837 | D:9      | Killed a two-headed ogre
  6837 | D:9      | Reached ****** piety under Okawaru
  6837 | D:9      | Reached skill level 12 in Maces & Flails
  6922 | D:9      | Got a bloodstained ring mail
  6933 | D:9      | Identified the cursed +0 ring mail of the Grue {rN+} (You found it on level 9 of the Dungeon)
  6991 | D:9      | Found an iron altar of Okawaru.
  7110 | D:9      | Noticed a two-headed ogre
  7119 | D:9      | Killed a two-headed ogre
  7268 | D:9      | Gained mutation: You are partially covered in yellow scales. (AC +2) [mutagenic meat]
  7269 | D:9      | Gained mutation: You are dopey. (Int -2) [mutagenic meat]
  7270 | D:9      | Gained mutation: You have a pair of large horns on your head. [mutagenic meat]
  7271 | D:9      | Gained mutation: You are very dopey. (Int -4) [mutagenic meat]
  7272 | D:9      | Gained mutation: Your skin changes colour to match your surroundings (Stealth+). [mutagenic meat]
  7628 | D:10     | Entered Level 10 of the Dungeon
  7677 | D:10     | Found an opulent altar of Gozag.
  7707 | D:10     | Received a gift from Okawaru
  7788 | D:10     | Reached XP level 11. HP: 79/99 MP: 12/12
  7794 | D:10     | Reached skill level 10 in Fighting
  7795 | D:10     | Noticed CodeRen's ghost (journeyman HOFi)
  7831 | D:10     | Killed CodeRen's ghost
  8077 | D:10     | Found a staircase to the Orcish Mines.
  8139 | D:10     | Reached skill level 13 in Maces & Flails
  9082 | D:6      | Bought the ring of Jucvol {rF+ rN+ Str+5 SInv} for 611 gold pieces
  9157 | Lair:1   | Entered Level 1 of the Lair of Beasts
  9293 | Lair:1   | Reached skill level 10 in Armour
  9481 | Lair:1   | Received a gift from Okawaru
  9532 | Lair:1   | Reached skill level 14 in Maces & Flails
 10020 | Lair:2   | Reached skill level 1 in Shields
 10037 | Lair:1   | Received a gift from Okawaru
 10043 | Lair:1   | Got a steaming robe {god gift}
 10054 | Lair:1   | Identified the +2 robe of Dogmatism {rPois} (Okawaru gifted it to you on level 1 of the Lair of Beasts)
 10513 | Lair:2   | Noticed an oklob plant
 10513 | Lair:2   | Noticed an oklob plant
 10562 | Lair:2   | Reached XP level 12. HP: 77/108 MP: 11/13
 10703 | Lair:2   | Reached skill level 5 in Shields
 11343 | Lair:3   | Found a hole to the Spider Nest.
 11438 | Lair:3   | Found a staircase to the Shoals.
 11460 | Lair:3   | Reached skill level 10 in Dodging
 12109 | Lair:4   | Reached skill level 5 in Invocations
 12877 | Lair:5   | Received a gift from Okawaru
 12878 | Lair:5   | Got bronze acid dragon scales {god gift}
 12910 | Lair:5   | Identified the +7 acid dragon scales of New Discoveries {rElec rCorr} (Okawaru gifted it to you on level 5 of the Lair of Beasts)
 13004 | Lair:5   | Found a runed door.
 13004 | Lair:5   | Found a viscous altar of Jiyva.
 13004 | Lair:5   | Found a staircase to the Slime Pits.
 13004 | Lair:5   | Noticed an azure jelly
 13004 | Lair:5   | Noticed an azure jelly
 13004 | Lair:5   | Noticed an azure jelly
 13091 | Lair:5   | Reached XP level 13. HP: 112/116 MP: 14/16
 13307 | Lair:5   | Reached skill level 15 in Maces & Flails
 13875 | Lair:6   | Entered Level 6 of the Lair of Beasts
 13875 | Lair:6   | Noticed Nessos
 14335 | Lair:6   | Reached skill level 16 in Maces & Flails
 14363 | Lair:6   | Killed Nessos
 14382 | Lair:6   | Received a gift from Okawaru
 14383 | Lair:6   | Got an encrusted scarf {god gift}
 14389 | Lair:6   | Identified the scarf of Icob Ymu {rC+ Str+2} (Okawaru gifted it to you on level 6 of the Lair of Beasts)
 14433 | Lair:6   | Reached skill level 17 in Maces & Flails
 14779 | Lair:6   | Reached skill level 18 in Maces & Flails
 14979 | Lair:6   | Reached skill level 19 in Maces & Flails
 15320 | Lair:6   | Received a gift from Okawaru
 15321 | Lair:6   | Got a faintly glowing crystal plate armour {god gift}
 15332 | Lair:6   | Identified the +6 crystal plate armour of Qinaf {*Slow Str-4 Dex+8 SInv} (Okawaru gifted it to you on level 6 of the Lair of Beasts)
 15358 | Lair:6   | Got a bloodstained morningstar
 15359 | Lair:6   | Identified the +10 morningstar of the Doomed Warrior {flame, rN+ MR+} (You found it on level 6 of the Lair of Beasts)
 15363 | Lair:6   | Got a polished arbalest
 15369 | Lair:6   | Identified the cursed +0 arbalest of Traps {elec, +Inv Dex-3 Stlth+} (You found it on level 6 of the Lair of Beasts)
 15549 | Lair:4   | Reached XP level 14. HP: 114/126 MP: 15/17
 15575 | Lair:3   | Reached skill level 20 in Maces & Flails
 16222 | Orc:1    | Entered Level 1 of the Orcish Mines
 16450 | Orc:1    | Found Femank's Distillery.
 16491 | Orc:1    | Bought a potion of mutation for 88 gold pieces
 16491 | Orc:1    | Bought a potion of haste for 110 gold pieces
 16623 | Orc:2    | Entered Level 2 of the Orcish Mines
 16623 | Orc:2    | Noticed brahma's ghost (journeyman DECj)
 16627 | Orc:2    | Noticed Donald
 16632 | Orc:2    | Killed brahma's ghost
 16924 | Orc:1    | Killed Donald
 17122 | Orc:1    | Reached skill level 21 in Maces & Flails
 17325 | Orc:2    | Found a flickering gateway to a bazaar.
 17337 | Bazaar   | Entered a bazaar
 17345 | Bazaar   | Found Kecsausy's Jewellery Shop.
 17356 | Bazaar   | Found Qesinwit's Antique Armour Shop.
 17390 | Bazaar   | Bought the ring of Hyzeutouzi {rPois rC+ MR+ Int+5} for 483 gold pieces
 17447 | Bazaar   | Bought a sheer robe for 96 gold pieces
 17457 | Bazaar   | Identified the +3 robe of the Slug {rPois rF+ rC+} (You bought it in a shop in a bazaar)
 17526 | Orc:2    | Found a roughly hewn altar of Beogh.
 17702 | Orc:2    | Found a staircase to the Elven Halls.
 17818 | Orc:2    | Found Homiobid's Magic Scroll Shoppe.
 17819 | Orc:2    | Found Beag's Food Emporium.
 17895 | Orc:2    | Noticed grandjackal's ghost (journeyman DsGl)
 17901 | Orc:2    | Gained mutation: Armour fits poorly on your strangely shaped body. [a neqoxec]
 17904 | Orc:2    | Gained mutation: Your magical capacity is low. (-10% MP) [a neqoxec]
 18307 | Orc:2    | Killed grandjackal's ghost
 18443 | Orc:2    | Received a gift from Okawaru
 18444 | Orc:2    | Got an ancient ring mail {god gift}
 18504 | Orc:2    | Reached skill level 22 in Maces & Flails
 18585 | Orc:2    | Found Ezafijom's Book Shop.
 18585 | Orc:2    | Found a one-way gate leading to the halls of Pandemonium.
 18585 | Orc:2    | Found Ysouh's Antique Weapon Boutique.
 19047 | Shoals:1 | Entered Level 1 of the Shoals
 19397 | Shoals:1 | Reached XP level 15. HP: 112/134 MP: 13/16
 19817 | Shoals:2 | Reached skill level 10 in Shields
 20457 | Shoals:2 | Received a gift from Okawaru
 20886 | Shoals:3 | HP: 2/134 [cyclops (7)]
 20886 | Shoals:3 | Mangled by a merfolk

Vault maps used:
D:1:      sevenhm_arrival_forest_fort_large_1, dk_noncrumbling_4
D:2:      marbit_many_paths, kennysheep_generic_room_16, uniq_natasha
D:3:      lemuel_coloured_pillars_altar
D:4:      vehumet_statue, grunt_temple_overflow_open, uniq_robin, uniq_sigmund
D:5:      yredelemnul_altar_generic, kennysheep_mini_moat, xom_redecorated,
          first_bread
D:6:      nicolae_ru_great_annihilating_truth, serial_shops, shop
D:7:      old_standard_altar, minmay_temple_entry_junction
D:8:      grunt_ogre_cave, uniq_gastronok
D:9:      elyvilon_altar_5, due_lair_maze_entry_diamond, minmay_misc_feat_cross,
          okawaru_ov_weapons_minmay
D:10:     david_orc_3, basic_altar
D:11:     trove_entry_hex_spiral, uniq_maurice, uniq_psyche
Lair:1:   serial_bayou_ford_a
Lair:2:   minmay_lair_oklob_chamber
Lair:3:   dpeg_oklob_gauntlet, minmay_shoals_entry_centaurs,
          nicolae_spider_entry_non_spiders, eino_house_with_fridge
Lair:5:   slime_altar_2, minmay_lair_drake_nest
Lair:6:   minmay_lair_end_frog_pond, nicolae_lair_yak_garden, uniq_nessos
Shoals:1: cheibrodos_shoals_roost
Shoals:3: st_cyclops
Orc:1:    serial_shops, nicolae_shop_trees
Orc:2:    pf_orc_diabolical, serial_shops, bzr_entry_islet, mines2_david,
          uniq_donald
Bazaar:   bazaar_jpeg_cross

Skill      XL: |  1  2  3  4  5  6  7  8  9 10 11 12 13 14 15 |
---------------+----------------------------------------------+-----
Fighting       | 5 6 7 8 9 10 11 12 | 12.5
Armour         | 1 2 3 4 5 6 7 9 10 11 | 11.8
Dodging        | 5 6 7 8 9 10 11 | 11.7
Maces & Flails | 1 3 4 6 7 9 11 12 14 19 22 | 22.5
Invocations    | 2 3 5 6 |  6.4
Shields        | 4 8 9 10 | 10.4
Stealth        | |  3.2

Action                   |  1- 3 |  4- 6 |  7- 9 | 10-12 | 13-15 || total
-------------------------+-------+-------+-------+-------+-------++-------
Melee: Unarmed           |    17 |       |       |       |       ||    17
       Headbutt          |    17 |    27 |    57 |   210 |   215 ||   526
       Short sword       |    57 |       |       |       |       ||    57
       Flail             |     4 |   150 |   257 |   821 |   390 ||  1622
       Punch             |       |       |     1 |     1 |       ||     2
       Whip              |       |       |       |    13 |       ||    13
       Falchion          |       |       |       |     2 |       ||     2
       Morningstar       |       |       |       |       |   504 ||   504
Invok: Heroism           |       |       |     3 |     4 |     3 ||    10
       Finesse           |       |       |       |     2 |     3 ||     5
Evoke: Wand              |       |       |       |     2 |     6 ||     8
  Use: Scroll            |     2 |       |     1 |    20 |    12 ||    35
       Potion            |     1 |       |     1 |     5 |     6 ||    13
 Stab: Sleeping          |     4 |     3 |       |     6 |     3 ||    16
       Paralysed         |       |       |     1 |       |     1 ||     2
       Distracted        |       |       |       |       |     3 ||     3
       Petrified         |       |       |       |       |     1 ||     1
  Eat: Chunk             |     1 |     6 |    10 |    26 |    14 ||    57
       Bread ration      |       |       |       |     2 |       ||     2
       Meat ration       |       |       |       |       |     2 ||     2
       Fruit             |       |       |       |       |     2 ||     2
Armor: Robe              |     5 |       |       |    52 |       ||    57
       Scale mail        |       |    60 |    89 |       |       ||   149
       Plate armour      |       |       |    15 |   239 |       ||   254
       Acid dragon scale |       |       |       |     2 |   222 ||   224
Dodge: Dodged            |    59 |    69 |   148 |   408 |   468 ||  1152
Block: Shield            |       |       |       |   265 |   700 ||   965
